 Dungeon Crawl Stone Soup version 0.21-a0-82-gdb84782 (webtiles) character file.

1913 Ordine the Conjurer (level 8, -1/41 HPs)
             Began as a Deep Elf Wizard on June 24, 2017.
             Slain by a slave (8 damage)
             ... led by Pikel
             ... on level 5 of the Dungeon.
             The game lasted 00:28:17 (7772 turns).

Ordine the Conjurer (Deep Elf Wizard)               Turns: 7772, Time: 00:28:18

Health: -1/41      AC:  4    Str:  4    XL:     8   Next: 95%
Magic:  6/19       EV: 13    Int: 26    God:
Gold:   328        SH:  0    Dex: 13    Spells: 10/19 levels left

rFire    . . .     SeeInvis .   w - +0 short sword (elec)
rCold    . . .     Gourm    .   (no shield)
rNeg     + . .     Faith    .   a - +0 robe
rPois    .         Spirit   .   j - +1 helmet
rElec    .         Reflect  .   (no cloak)
rCorr    .         Harm     .   (no gloves)
MR       +....                  (no boots)
Stlth    ++........             (no amulet)
HPRegen  0.13/turn              E - ring of positive energy
MPRegen  0.16/turn              l - ring of protection from magic

@: no status effects
A: no striking features
a: no special abilities


You were on level 5 of the Dungeon.
You were not hungry.

You visited 1 branch of the dungeon, and saw 8 of its levels.
You also visited: Sewer.

You collected 328 gold pieces.

Inventory:

Hand Weapons
 w - a +0 short sword of electrocution (weapon)
Armour
 a - a +0 robe (worn)
 j - a +1 helmet (worn)
Jewellery
 f - an uncursed ring of ice
 l - a ring of protection from magic (right hand)
 D - an uncursed ring of positive energy
 E - a ring of positive energy (left hand)
Wands
 g - a wand of iceblast (12/15)
 n - a wand of flame (23/48)
 u - a wand of lightning (7/15)
 B - a wand of confusion (17/48)
Scrolls
 e - a scroll of immolation
 k - a scroll of enchant weapon
 m - 2 scrolls of remove curse
 t - a scroll of teleportation
 x - a scroll of magic mapping
 y - 2 scrolls of fog
 z - a scroll of recharging
 G - 2 scrolls of fear
Potions
 h - 3 potions of curing
 i - 5 potions of heal wounds
 p - a potion of brilliance
 q - 2 potions of haste
 s - a potion of resistance
 v - a potion of lignification
 A - a potion of mutation
Books
 c - a book of Minor Magic

   Spells                             Type                      Level
   a - Magic Dart                     Conjuration                  1
   b - Blink                          Translocation                2
   c - Call Imp                       Summoning                    2
   d - Slow                           Hexes                        2
   e - Conjure Flame                  Conjuration/Fire             3
   f - Mephitic Cloud                 Conjuration/Poison/Air       3
Comestibles
 d - 3 bread rations
 o - a meat ration
 r - a royal jelly


   Skills:
 * Level 5.4 Short Blades
 + Level 0.5 Armour
 + Level 2.9 Dodging
 - Level 3.0 Stealth
 - Level 6.1 Spellcasting
 + Level 6.4 Conjurations
   Level 1.1 Summonings
 - Level 4.0 Translocations
 + Level 4.7 Fire Magic
 + Level 4.0 Air Magic


You had 10 spell levels left.
You knew the following spells:

 Your Spells              Type           Power        Failure   Level  Hunger
a - Magic Dart            Conj           ####         1%          1    None
b - Blink                 Tloc           N/A          1%          2    None
c - Conjure Flame         Conj/Fire      #####...     1%          3    None
d - Mephitic Cloud        Conj/Pois/Air  ####....     4%          3    None


Dungeon Overview and Level Annotations

Branches:
Dungeon (8/15)
 Temple: D:4-7         Lair: D:8-11

Altars:
Makhleb
Wu Jian

Annotations:
D:6 Pikel
D:7 exclusions: electric eel, gnoll sergeant and 1 more exclusion


Message History

The slave closely misses you. The slave barely misses you.
Casting: Magic Dart
Confirm with . or Enter, or press ? or * to list all spells.
Aiming: Magic Dart
Press: ? - help, Shift-Dir - straight line, f/p - slave
Aim: a slave, wearing an animal skin (severely wounded)
The magic dart hits the slave.
The slave is almost dead.
The slave hits you!
* * * LOW HITPOINT WARNING * * *
The slave completely misses you.
Casting: Magic Dart
Confirm with . or Enter, or press ? or * to list all spells.
Aiming: Magic Dart
Press: ? - help, Shift-Dir - straight line, f/p - slave
Aim: a slave, wearing an animal skin (almost dead)
The magic dart hits the slave.
You kill the slave!
That felt strangely unrewarding.
The slave hits you!
You die...

..........#
#########.# #.#
### #.# ..# #)#
#.# #.# #.#
#.######
#.#######......###
...........[....@#
#.#######..#...p[#
#.# #...#.#.#.#
#.# #...#.#.#.#
#.# #...#...#.#
#.# #...#####)#
#.# #.........#
#.# #..########
#.# #......#


You could see a slave.

Vanquished Creatures
  Eustachio (D:6)
  An ice beast (D:7)
  3 slaves
  2 ogres
  A necrophage (D:6)
  3 centaurs
  3 big kobolds (Sewer)
  2 bullfrogs (D:6)
  A scorpion (D:7)
  A centaur zombie (D:6)
  5 hounds (D:4)
  A bullfrog skeleton (D:5)
  A centaur skeleton (D:7)
  Jessica (D:2)
  3 worker ants
  3 iguanas
  2 hound zombies
  6 gnolls (D:3)
  16 adders
  4 oozes
  2 adder skeletons
  8 worms
  A dart slug (D:3)
  10 leopard geckos
  13 orcs
  7 bats
  8 giant cockroaches
  5 goblins
  3 hobgoblins
  6 jackals
  11 kobolds
  7 quokkas
  3 ball pythons
  9 frilled lizards
  A leopard gecko skeleton (D:5)
  11 rats
165 creatures vanquished.

Vanquished Creatures (others)
  A plant (D:7)
1 creature vanquished.

Grand Total: 166 creatures vanquished

Notes
Turn   | Place    | Note
-------+----------+-------------------------------------------
     0 | D:1      | Ordine the Deep Elf Wizard began the quest for the Orb.
     0 | D:1      | Reached XP level 1. HP: 10/10 MP: 7/7
   220 | D:1      | Reached XP level 2. HP: 15/15 MP: 3/9
   224 | D:1      | Learned a level 2 spell: Blink
   937 | D:2      | Reached skill level 5 in Spellcasting
   937 | D:2      | Reached XP level 3. HP: 19/19 MP: 3/11
   947 | D:2      | Found an ornate altar of the Wu Jian Council.
  1325 | D:2      | Noticed Jessica
  1331 | D:2      | Learned a level 3 spell: Conjure Flame
  1335 | D:2      | Learned a level 3 spell: Mephitic Cloud
  1339 | D:2      | Killed Jessica
  1339 | D:2      | Reached XP level 4. HP: 15/24 MP: 8/13
  1608 | D:3      | Noticed a centaur
  1625 | D:3      | Killed a centaur
  1625 | D:3      | Reached XP level 5. HP: 19/28 MP: 1/15
  2347 | D:3      | Reached XP level 6. HP: 31/32 MP: 5/16
  2798 | D:3      | Reached skill level 1 in Fire Magic
  2798 | D:3      | Reached skill level 1 in Air Magic
  2955 | D:4      | Found a glowing drain.
  2995 | Sewer    | Entered a sewer
  3479 | Sewer    | Reached skill level 1 in Short Blades
  3479 | Sewer    | Reached XP level 7. HP: 22/36 MP: 10/18
  3793 | Sewer    | Reached skill level 5 in Conjurations
  4413 | D:4      | Found a burning altar of Makhleb.
  4788 | D:5      | Entered Level 5 of the Dungeon
  5352 | D:5      | Reached XP level 8. HP: 41/41 MP: 9/19
  5700 | D:6      | You fall through a shaft for 2 floors!
  6759 | D:6      | Got a pitted ring mail
  6760 | D:6      | Identified the cursed +1 ring mail of Evolution {Regen+ Dex+3} (You found it on level 6 of the Dungeon)
  7147 | D:6      | Reached skill level 5 in Short Blades
  7326 | D:6      | Noticed Eustachio
  7344 | D:6      | Killed Eustachio
  7535 | D:6      | Noticed Pikel
  7772 | D:5      | Slain by a slave

Vault maps used:
D:1:      ncdulo_wetmaze, minivault_24, minmay_misc_feat_more_columns,
          minmay_tree_intersection, columned_hall_lemuel, st_stairs_6,
          minmay_pentomino_u4
D:2:      nicolae_overflow_crystal_walls, st_stairs_14, minmay_small_reverse_x,
          uniq_jessica
D:3:      minmay_misc_feat_four_crosses
D:4:      gup_sewer_entry_glass, makhleb_heckhound_becter
D:5:      first_bread
D:6:      uniq_pikel, uniq_eustachio
D:7:      lemuel_temple_firewalk_b, serial_bayou, serial_bayou_lagoon_b,
          serial_bayou_ford_a, serial_bayou_pond_a, serial_bayou_lake_a,
          sword_in_stone, uniq_duvessa
D:8:      lair_entry_dummy, special_room
Sewer:    sewer_co_15_rooms

Skill      XL: |  1  2  3  4  5  6  7  8 |
---------------+-------------------------+-----
Stealth        | 3 |  3.0
Conjurations   | 2 3 4 5 6 |  6.4
Spellcasting   | 5 6 |  6.1
Translocations | 2 3 4 |  4.0
Fire Magic     | 2 3 4 |  4.7
Air Magic      | 1 2 4 |  4.0
Short Blades   | 1 3 5 |  5.4
Armour         | |  0.5
Dodging        | |  2.9
Summonings     | |  1.1

Action                   |  1- 3 |  4- 6 |  7- 9 || total
-------------------------+-------+-------+-------++-------
Melee: Short sword       |    15 |    30 |    31 ||    76
 Cast: Magic Dart        |    76 |   177 |   299 ||   552
       Mephitic Cloud    |     1 |     5 |     7 ||    13
       Blink             |       |       |     7 ||     7
       Conjure Flame     |       |       |     1 ||     1
  Use: Scroll            |     8 |     8 |    11 ||    27
       Potion            |       |     2 |     2 ||     4
 Stab: Confused          |       |     2 |     1 ||     3
  Eat: Chunk             |     1 |     7 |     9 ||    17
       Bread ration      |       |       |     1 ||     1
Armor: Robe              |     8 |    20 |    17 ||    45
Dodge: Dodged            |    17 |    72 |    69 ||   158
